 Dungeon Crawl Stone Soup version 0.31-a0-618-g7ca08c1ff9 (webtiles) character file.

Game seed: 7979468469917763871

846 Juicyj the Shield-Bearer (level 7, -2/63 HPs)
             Began as a Minotaur Fighter on Aug 22, 2023.
             Slain by a gnoll
             ... wielding a +0 halberd
              (3 damage)
             ... on level 4 of the Dungeon.
             The game lasted 00:06:10 (3757 turns).

Juicyj the Shield-Bearer (Minotaur Fighter)         Turns: 3757, Time: 00:06:10

Health: -2/63      AC:  7    Str: 23    XL:     7   Next: 68%
Magic:  6/6        EV:  9    Int:  5    God:
Gold:   318        SH:  5    Dex:  9    Spells: 6/6 levels left

rFire   . . .        a - +0 war axe
rCold   . . .        c - +0 buckler
rNeg    . . .        b - +0 scale mail
rPois   .            (helmet restricted)
rElec   .            (no cloak)
rCorr   .            (no gloves)
SInv    .            (no boots)
Will    .....        (no amulet) Stlth
                     (no ring)
HPRegen 0.30/turn    (no ring)
MPRegen 0.10/turn

%: no passive effects
@: no status effects
A: horns 2, retaliatory headbutt
a: no special abilities


You were on level 4 of the Dungeon.
You visited 1 branch of the dungeon, and saw 4 of its levels.

You collected 318 gold pieces.

Inventory:

Hand Weapons
 a - a +0 war axe (weapon)
Missiles
 s - a curare-tipped dart (quivered)
 t - 3 boomerangs
Armour
 b - a +0 scale mail (worn)
 c - a +0 buckler (worn)
Scrolls
 e - a scroll of amnesia {unknown}
 f - a scroll of enchant weapon {unknown}
 h - 2 scrolls of noise {unknown}
 i - 4 scrolls of identify {unknown}
 k - 3 scrolls of blinking {unknown}
 m - 2 scrolls of immolation {unknown}
 q - a scroll of fog {unknown}
Potions
 d - 3 potions of might
 g - 2 potions of mutation {unknown}
 j - a potion of attraction {unknown}
 l - a potion of heal wounds {unknown}
 n - a potion of magic {unknown}
 o - 3 potions of degeneration {unknown}
 p - 2 potions of enlightenment {unknown}
 r - a potion of curing {unknown}


   Skills:
 + Level 6.3 Fighting
 + Level 5.7 Axes
 + Level 6.3 Armour
 + Level 6.3 Shields


You had 6 spell levels left.
You didn't know any spells.
Your spell library was empty.

Dungeon Overview and Level Annotations

Branches:
Dungeon (4/15)
 Temple: D:4-7

Altars:
Okawaru

Shops:
D:2 *

Annotations:
D:4 Pikel


Innate Abilities, Weirdness & Mutations

You have a pair of horns on your head.
You reflexively headbutt those who attack you in melee.


Message History

Pikel hits you with a +2 whip of freezing.
Pikel freezes you.
You slash Pikel! You headbutt Pikel.
Pikel is moderately wounded.
You barely miss the lemure.
Pikel hits you with a +2 whip of freezing!
Pikel freezes you. The lemure barely misses you.
Pikel hits you with a +2 whip of freezing.
Pikel freezes you.
You hit Pikel but do no damage.
Pikel is moderately wounded.
You barely miss the lemure. The lemure misses you. You furiously retaliate!
You headbutt the lemure. Pikel hits you but does no damage.
The gnoll barely misses you.
You hit Pikel.
Pikel is moderately wounded.
You barely miss the lemure. The lemure completely misses you.
Pikel barely misses you. The gnoll closely misses you. The lemure hits you.
Unknown command.
Pikel attacks as he pursues you!
Pikel hits you with a +2 whip of freezing!
Pikel freezes you.
You hit Pikel but do no damage.
Pikel is moderately wounded.
Pikel hits you with a +2 whip of freezing!
Pikel freezes you. The gnoll hits you but does no damage.
Pikel hits you with a +2 whip of freezing.
* * * LOW HITPOINT WARNING * * *
Pikel freezes you.
* * * LOW HITPOINT WARNING * * *
You hit Pikel.
Pikel is moderately wounded.
The gnoll hits you from afar with a +0 halberd.
* * * LOW HITPOINT WARNING * * *
Pikel hits you with a +2 whip of freezing!
* * * LOW HITPOINT WARNING * * *
Pikel freezes you.
* * * LOW HITPOINT WARNING * * *
The gnoll hits you from afar with a +0 halberd.
You die...

≈#...############################
~###'#....'....# ! 5 .
≈~.#.#....######## ########.
≈~.#.#...).......# #........
≈~.#.##''#........ ........#
~~.#...).#........ ........#
≈~.#))...#.......# #..5..))#
≈~.#.#####'##################'#
~≈.#)#...#......@Kg5[)')).).).#
≈~.#...#.#.......#5)))#.......#
~###'#...#.......#..).#.......#
≈#...#############'''[###########
~#...#...............[..)........
~#####~~≈~~~≈~~≈~~....~~~~≈≈~~~~~
≈≈≈≈≈≈≈≈≈≈≈~≈≈≈≈≈~....≈≈≈≈≈≈≈≈~≈~
~~~~≈~≈~~~~~~~~~≈~....≈~~≈~~≈~~~~
P................................


You could see Pikel, 2 lemures and a gnoll.

Vanquished Creatures
  A lemure (D:4)
  A kobold brigand (D:4)
  A bullfrog (D:4)
  2 howler monkeys (D:4)
  2 orc priests
  A gnoll bouda (D:4)
  2 hounds (D:4)
  A jelly (D:4)
  Terence (D:3)
  An iguana (D:4)
  An orc wizard (D:4)
  19 gnolls (D:4)
  7 adders
  A worm (D:3)
  8 dart slugs
  18 orcs
  4 bats
  5 endoplasms
  4 giant cockroaches
  6 goblins
  4 hobgoblins
  13 jackals
  3 quokkas
  7 ball pythons
  9 frilled lizards
  7 kobolds
  8 rats
137 creatures vanquished.

Notes
Turn   | Place    | Note
-------+----------+-------------------------------------------
     0 | D:1      | Juicyj the Minotaur Fighter began the quest for the Orb.
     0 | D:1      | Reached XP level 1. HP: 19/19 MP: 0/0
   127 | D:1      | Reached XP level 2. HP: 27/27 MP: 1/1
   401 | D:1      | Reached XP level 3. HP: 33/33 MP: 2/2
   552 | D:1      | Found a faded altar of an unknown god.
   907 | D:2      | Reached XP level 4. HP: 41/41 MP: 3/3
  1184 | D:2      | Found Gidutt's Assorted Antiques.
  1641 | D:3      | Noticed Terence
  1647 | D:3      | Killed Terence
  1705 | D:3      | Reached XP level 5. HP: 47/47 MP: 4/4
  2584 | D:4      | Found an iron altar of Okawaru.
  2620 | D:4      | Reached skill level 5 in Fighting
  2620 | D:4      | Reached skill level 5 in Armour
  2620 | D:4      | Reached skill level 5 in Shields
  2813 | D:4      | Reached XP level 6. HP: 46/56 MP: 5/5
  3111 | D:4      | Noticed Pikel
  3162 | D:4      | Reached skill level 5 in Axes
  3182 | D:4      | Reached XP level 7. HP: 54/62 MP: 6/6
  3757 | D:4      | HP: 3/63 [Pikel/+2 whip of freezing (8)]
  3757 | D:4      | HP: 1/63 [Pikel/+2 whip of freezing (2)]
  3757 | D:4      | Slain by a gnoll

Illustrated notes

Levels and vault maps discovered:
D:1:      mrwooster_arrival_statue_3, layout_basic,
          hellmonk_ecumenical_altar_pennies_from_heaven, minmay_misc_feat_iff
D:2:      layout_loops_ring, serial_shops, shop_fountains,
          minmay_misc_feat_pillars
D:3:      layout_loops_ring, kennysheep_orc_chapel, uniq_terence
D:4:      lemuel_castle_with_subvaults [lemuel_castle_interior_carwin_3],
          layout_basic, okawaru_ov_weapons_minmay, minmay_cupped, uniq_pikel

Skill      XL: |  1  2  3  4  5  6  7 |
---------------+----------------------+-----
Fighting       | 4 5 6 |  6.3
Armour         | 4 5 6 |  6.3
Axes           | 3 4 5 |  5.7
Shields        | 4 5 6 |  6.3

Action                     |  1- 3 |  4- 6 |  7- 9 || total
---------------------------+-------+-------+-------++-------
  Melee: War axe           |    76 |   187 |    93 ||   356
         Headbutt          |    10 |    18 |    15 ||    43
  Throw: Dart              |       |       |     1 ||     1
 Armour: Scale mail        |    33 |    93 |    42 ||   168
  Dodge: Dodged            |    38 |    92 |    46 ||   176
  Block: Buckler           |    17 |    47 |    18 ||    82

Table legend: (Time is in decaauts)
 A = Elapsed time spent in this place.
 B = Non-inter-level travel time spent in this place.
 C = Inter-level travel time spent in this place.
 D = Time resting spent in this place.
 E = Time spent auto-exploring this place.
 F = Levels seen in this place.
 G = Mean time per level.
                   A        B        C        D        E       F      G
               +--------+--------+--------+--------+--------+-----+--------+
         Total |   3878 |   3774 |    104 |    223 |   2662 |   4 |  969.5 |
       Dungeon |   3878 |   3774 |    104 |    223 |   2662 |   4 |  969.5 |
               +--------+--------+--------+--------+--------+-----+--------+

Top non-repeatable levels by time:
     D:4: 1455 daAuts
     D:3: 878 daAuts
     D:1: 825 daAuts
     D:2: 718 daAuts
